 Dungeon Crawl Stone Soup version 0.29-a0-613-gf2c431b9b9 (webtiles) character file.

Game seed: 15739305824848708733

152931 croobank the Deadly Accurate (level 17, -1/137 HPs)
             Began as a Gnoll Delver on June 16, 2022.
             Was an Initiate of Gozag.
             Hit by a boomerang thrown by a merfolk (11 damage)
             ... led by a merfolk javelineer
             ... on level 3 of the Shoals.
             The game lasted 05:56:36 (57647 turns).

croobank the Deadly Accurate (Gnoll Delver)        Turns: 57647, Time: 05:56:41

Health: -1/137     AC: 20    Str: 11    XL:     17   Next: 59%
Magic:  17/32      EV: 15    Int: 16    God:    Gozag
Gold:   34         SH:  5    Dex: 10    Spells: 3/39 levels left

rFire   + . .      SeeInvis +   m - +7 broad axe (spect)
rCold   + + .      Faith    .   (no shield)
rNeg    . . .      Spirit   .   p - +3 leather armour "Nadaom" {+Inv rElec Dex-3}
rPois   +          Reflect  +   R - +2 helmet
rElec   +          Harm     .   J - +2 cloak
rCorr   .          Rampage  .   L - +2 pair of gloves
Will    ++...                   V - +1 pair of boots
Stlth   +++.......              l - amulet of Vaurowk {Reflect Int+6 SH+5}
HPRegen 0.32/turn               i - ring of Coronation {rF+ rC+ Int-5 SInv}
MPRegen 0.23/turn               B - ring "Saitzo Xyups" {rC+ Will+}

@: brilliant, studying Throwing, very slow
A: fangs 1, strong nose, distributed training, dopey 1, poison resistance, weak
1, subdued magic 1, MP-powered wands
a: Renounce Religion, Evoke Invisibility, Potion Petition, Call Merchant, Bribe
Branch


You were on level 3 of the Shoals.
You worshipped Gozag.
Gozag was noncommittal.
You visited 7 branches of the dungeon, and saw 30 of its levels.
You also visited: Sewer.

You collected 9540 gold pieces.
You spent 2683 gold pieces at shops.
You paid 6823 gold pieces to Gozag.

Inventory:

Hand Weapons
 a - the +3 woodcutter's axe {vorpal}
   (You found it on level 3 of the Dungeon)

   It inflicts extra damage upon your enemies.
 b - a +0 shortbow
 m - a +7 spectral broad axe (weapon)
 v - a +0 dagger of venom
 C - a +1 long sword of holy wrath
 I - a +3 quarterstaff of chaos
 N - a +3 dagger of distortion
 X - a +0 antimagic demon trident
 Z - a +1 battleaxe of holy wrath
Missiles
 g - 6 atropa-tipped darts
 A - 6 curare-tipped darts
 F - 3 throwing nets (quivered)
 W - 9 silver boomerangs
 Y - 12 javelins
Armour
 d - a +3 leather armour of cold resistance
 p - the +3 leather armour "Nadaom" (worn) {+Inv rElec Dex-3}
   (You found it on level 6 of the Lair of Beasts)

   Dex:       It affects your dexterity (-3).
   rElec:     It insulates you from electricity.
   +Inv:      It lets you turn invisible.
 J - a +2 cloak (worn)
 L - a +2 pair of gloves (worn)
 R - a +2 helmet (worn)
 V - a +1 pair of boots (worn)
Magical Staves
 H - a staff of air
Jewellery
 c - a ring of magical power
 i - the ring of Coronation (left hand) {rF+ rC+ Int-5 SInv}
   (You bought it in a shop on level 1 of the Dungeon)

   [ring of protection from cold]

   Int:       It affects your intelligence (-5).
   rF:        It protects you from fire.
   rC:        It protects you from cold.
   SInv:      It lets you see invisible.
 k - a ring of magical power
 l - the amulet of Vaurowk (around neck) {Reflect Int+6 SH+5}
   (You found it on level 6 of the Lair of Beasts)

   [amulet of reflection]

   It reflects blocked missile attacks.
   Int:       It affects your intelligence (+6).
   SH:        It affects your SH (+5).
 u - an amulet of magic regeneration
 w - a ring of resist corrosion
 B - the ring "Saitzo Xyups" (right hand) {rC+ Will+}
   (You bought it in a shop on level 1 of the Dungeon)

   [ring of willpower]

   rC:        It protects you from cold.
   Will:      It increases your willpower.
 E - a +6 ring of dexterity
 Q - a +4 ring of protection
 U - a ring of fire
Wands
 y - a wand of mindburst (1)
 G - a wand of quicksilver (9)
 P - a wand of paralysis (3)
 T - a wand of digging (6)
Scrolls
 h - 11 scrolls of identify
 n - 5 scrolls of magic mapping
 D - 6 scrolls of poison
 K - 3 scrolls of teleportation
 M - a scroll of silence
Potions
 f - a potion of might
 j - a potion of ambrosia
 o - 3 potions of brilliance
 q - 2 potions of flight
 r - 3 potions of curing
 s - 2 potions of invisibility
 t - 3 potions of magic
 O - 4 potions of attraction
Miscellaneous
 x - a lightning rod (4/4)
 z - a phial of floods
 S - a box of beasts


   Skills:
 + Level 13.3 Fighting
 + Level 11.8 Short Blades
 + Level 11.8 Long Blades
 + Level 12.6 Axes
 + Level 11.8 Maces & Flails
 + Level 11.8 Polearms
 + Level 11.8 Staves
 + Level 11.8 Slings
 + Level 11.8 Bows
 + Level 11.8 Crossbows
 + Level 15.0 Throwing
 + Level 11.8 Armour
 + Level 12.6 Dodging
 + Level 14.9 Stealth
 + Level 11.8 Shields
 + Level 11.8 Unarmed Combat
 + Level 11.8 Spellcasting
 + Level 10.0 Conjurations
 + Level 10.0 Hexes
 + Level 10.0 Summonings
 + Level 10.0 Necromancy
 + Level 10.0 Translocations
 + Level 10.0 Transmutations
 + Level 10.0 Fire Magic
 + Level 10.0 Ice Magic
 + Level 10.0 Air Magic
 + Level 10.0 Earth Magic
 + Level 10.0 Poison Magic
 + Level 12.8 Invocations
 + Level 11.8 Evocations


You had 3 spell levels left.
You knew the following spells:

 Your Spells              Type           Power      Damage    Failure   Level
a - Poisonous Vapours     Pois/Air       94%        N/A       1%          2
b - Olgreb's Toxic Radia  Pois           47%        N/A       1%          4
c - Tukima's Dance        Hex            47%        N/A       1%          3
d - Blade Hands           Tmut           23%        N/A       3%          5
e - Fulminant Prism       Conj/Hex       23%        3d13      1%          4
f - Slow                  Hex            100%       N/A       1%          1
g - Stone Arrow           Conj/Erth      94%        3d12      1%          3
h - Iron Shot             Conj/Erth      23%        9d5       21%         6
i - Frozen Ramparts       Ice            94%        1d11      1%          3
j - Foxfire               Conj/Fire      100%       2x1d9     1%          1
k - Flame Wave            Conj/Fire      47%        2d10      1%          4

Your spell library contained the following spells:

 Spells                   Type           Power      Damage    Failure   Level
 Freeze                   Ice            100%       1d11      1%          1
 Magic Dart               Conj           100%       1d8       1%          1
 Sting                    Tmut/Pois      100%       1d8       1%          1
 Blink                    Tloc           94%        N/A       1%          2
 Searing Ray              Conj           94%        2d7       1%          2
 Sublimation of Blood     Necr           47%        N/A       1%          2
 Confusing Touch          Hex            47%        N/A       1%          3
 Conjure Flame            Conj/Fire      47%        6-21      1%          3
 Dazzling Flash           Conj/Hex       94%        N/A       1%          3
 Inner Flame              Hex/Fire       47%        N/A       1%          3
 Lesser Beckoning         Tloc           47%        N/A       1%          3
 Portal Projectile        Hex/Tloc       94%        N/A       1%          3
 Vampiric Draining        Necr           47%        2d9       1%          3
 Animate Armour           Summ/Erth      94%        N/A       1%          4
 Cause Fear               Hex            23%        N/A       1%          4
 Hailstorm                Conj/Ice       47%        3d11      1%          4
 Ice Form                 Ice/Tmut       47%        N/A       1%          4
 Petrify                  Tmut/Erth      47%        N/A       1%          4
 Summon Ice Beast         Ice/Summ       47%        N/A       1%          4
 Agony                    Necr           47%        N/A       3%          5
 Irradiate                Conj/Tmut      23%        3d21      3%          5
 Iskenderun's Battlesphe  Conj           47%        2d10      3%          5
 Manifold Assault         Tloc           47%        N/A       3%          5
 Silence                  Hex/Air        23%        N/A       3%          5
 Dragon Form              Tmut           23%        N/A       75%         7
 Spellforged Servitor     Conj/Summ      23%        N/A       75%         7
 Discord                  Hex            23%        N/A       100%        8
 Lehudib's Crystal Spear  Conj/Erth      23%        10d7      100%        8
 Dragon's Call            Summ           23%        N/A       100%        9


Dungeon Overview and Level Annotations

Branches:
Dungeon (15/15)            Temple (1/1) D:5            Lair (6/6) D:11
 Shoals (3/4) Lair:3       Spider (2/4) Lair:4        Slime (0/5) Lair:5
    Orc (2/2) D:10            Elf (1/3) Orc:2        Vaults (0/5) D:13
  Sewer (visited)
 Depths: D:15

Altars:
Ashenzari
Fedhas
Gozag
Qazlal
Ru
Sif Muna
Trog
Vehumet
Xom
Yredelemnul
Zin
Jiyva

Shops:
D:1 =   D:7 !?   Orc:1 (   Orc:2 ?!((!=   Elf:1 :   Lair:1 *   Shoals:1 (

Portals:
Abyss: D:13

Annotations:
D:12 exclusion: orange crystal statue
D:13 2 transporters, Roczioh's ghost, journeyman DsEn
D:14 3 runed translucent doors, Dordric's ghost, adept HOFi
Spider:2 Frances; Nikola
Elf:1 4 runed translucent doors


Innate Abilities, Weirdness & Mutations

You have very sharp teeth.
Your uncanny sense of smell can sniff out nearby items.
Your experience applies equally to all skills.
You are dopey. (Int -2)
Your system is resistant to poisons. (rPois)
You are weak. (Str -2)
Your spells are a little easier to cast, but a little less powerful.
You expend magic power (3 MP) to strengthen your wands.


Message History

The merfolk javelineer throws a silver javelin.
The silver javelin pierces through you.
* * * LOW HITPOINT WARNING * * *
The silver sears you!
* * * LOW HITPOINT WARNING * * *
The merfolk throws a boomerang.
You reflect the boomerang off an invisible shield around you!
The boomerang hits the merfolk!
The merfolk javelineer looks even sicker.
The merfolk looks even sicker. x2
Your toxic aura wanes.
The merfolk javelineer throws a silver javelin.
The silver javelin closely misses you.
The merfolk throws a boomerang.
The boomerang hits you.
* * * LOW HITPOINT WARNING * * *
The merfolk javelineer throws a silver javelin.
The silver javelin pierces through you!!
* * * LOW HITPOINT WARNING * * *
The silver sears you!
* * * LOW HITPOINT WARNING * * *
You feel better.
Your surroundings suddenly seem different.
Splash!
The merfolk javelineer throws a silver javelin.
The silver javelin misses you. [a] - 468 gold - resistance and invisibility [b] - 368 gold - heal wounds, curing and magic [c] - 480 gold - brilliance, magic, heal wounds and curing Purchase which effect?
You no longer have enough gold to petition Gozag for potion effects.
You feel clever all of a sudden. Magic courses through your body.
You feel much better.
You feel better.
The merfolk javelineer throws a silver javelin.
The silver javelin pierces through you!
* * * LOW HITPOINT WARNING * * *
The silver sears you!
* * * LOW HITPOINT WARNING * * *
The merfolk throws a boomerang.
The boomerang hits you!
You die...
Your body crumbles into a pile of gold.

.≈≈..)≈≈≈≈≈≈≈≈≈≈≈≈≈≈≈≈≈
...(m≈≈≈≈≈≈≈≈≈≈≈≈≈≈≈≈≈≈≈
...≈≈≈≈≈≈≈≈≈≈≈≈≈≈≈≈≈≈≈≈≈
≈≈≈≈m≈≈≈≈≈≈≈≈≈≈≈≈≈≈≈≈≈≈≈
≈≈≈≈≈≈≈≈≈≈≈≈≈≈≈≈≈≈≈≈≈≈≈≈
≈≈≈≈≈≈≈≈≈≈≈≈≈≈≈≈≈≈≈≈≈≈≈≈
≈≈≈≈≈≈m≈)≈..≈≈≈≈≈≈≈≈≈≈≈≈
≈≈≈≈$.$≈≈....≈≈≈≈≈≈≈≈≈≈≈
≈≈≈.§.§≈...$.≈≈≈@≈≈≈≈≈≈≈
≈≈..#§§m.##..≈≈≈≈≈≈≈≈≈≈≈
≈≈..§§§§§###≈≈≈≈≈≈≈≈≈≈≈≈
≈≈≈m§§§§§###.≈≈≈≈≈≈≈≈≈≈≈
≈≈≈§m§§§§.......≈≈≈≈≈≈≈≈
≈≈≈≈≈§§§≈≈≈.....≈≈≈≈≈≈≈≈
≈≈$≈≈≈≈≈mm≈≈....≈≈≈≈≈≈≈≈
≈≈≈)≈≈≈≈.mm###.≈≈≈≈≈≈≈≈≈
≈≈≈≈≈≈≈≈≈≈..#


You could see a merfolk javelineer (poisoned) and 2 merfolk.

Vanquished Creatures
  Polyphemus (Shoals:3)
  Gastronok (Lair:1)
  A deep elf sorcerer (Elf:1)
  A deep elf demonologist (Elf:1)
  Azrael (Elf:1)
  A deep elf death mage (Elf:1)
  A fire dragon (Lair:6)
  2 deep elf high priests (Elf:1)
  Josephine (D:12)
  A vault guard (D:13)
  A merfolk javelineer (Shoals:2)
  7 hydras
  A boulder beetle (D:11)
  Harold (D:10)
  5 catoblepae
  4 ogre magi (Orc:2)
  A merfolk avatar (Shoals:1)
  6 centaur warriors
  An anaconda (Lair:1)
  19 two-headed ogres
  3 merfolk aquamancers (Shoals:1)
  Urug (Lair:2)
  A satyr (Shoals:2)
  6 death yaks
  2 deep elf knights (Elf:1)
  Sonja (Lair:1)
  Nergalle (Lair:2)
  3 pharaoh ants (Spider:1)
  Amaemon (Lair:1)
  A sun moth (Lair:4)
  A swamp dragon (Lair:6)
  4 sea snakes
  2 steelbarb worms
  An orb spider (Spider:2)
  A lindwurm (Lair:6)
  Pikel (D:4)
  A deep elf archer (Elf:1)
  A wizard (D:13)
  4 wolf spiders
  5 deep elf zephyrmancers
  15 harpies
  19 ugly things
  An oklob plant (Lair:2)
  An orc sorcerer (Elf:1)
  A mana viper (shapeshifter) (D:14)
  8 deep elf pyromancers
  12 manticores
  7 fauns
  6 cyclopes
  A moth of wrath (Spider:1)
  7 merfolk sirens
  9 black mambas
  6 elephants (Lair:6)
  5 water nymphs
  A gargoyle (D:13)
  A torpor snail (Spider:1)
  An orange demon (Lair:1)
  14 cane toads
  Psyche (D:9)
  A kobold demonologist (D:10)
  13 rime drakes
  5 demonic crawlers
  9 komodo dragons
  A freezing wraith (D:15)
  15 merfolk
  7 trolls
  3 meliai (Spider:2)
  A wind drake (Shoals:2)
  5 polar bears
  A hornet (Lair:2)
  4 tarantellas
  5 blink frogs (Lair:2)
  8 dream sheep
  A slime creature (D:8)
  11 jumping spiders
  3 snapping turtles
  8 culicivoras
  An air elemental (Elf:1)
  4 shadows
  3 water elementals
  3 fire bats (Orc:2)
  8 wraiths
  42 yaks
  A vampire (D:9)
  8 wyverns
  Eustachio (D:5)
  7 basilisks
  2 fire elementals (Elf:1)
  3 steam dragons
  14 redbacks
  8 vampire mosquitoes
  A warg (Orc:2)
  21 water moccasins
  5 acid dragons
  3 hell hounds (Elf:1)
  Duvessa (D:7)
  2 swamp drakes (Lair:6)
  An ice beast (D:8)
  2 sky beasts
  17 orc warriors
  5 black bears
  29 ogres
  12 wolves
  6 centaurs
  3 lemures (D:4)
  12 bullfrogs
  5 kobold brigands
  2 necrophages
  4 scorpions
  A wight (D:8)
  Dowan (D:7)
  11 killer bees
  8 electric eels
  4 howler monkeys
  7 hounds
  A jelly (D:8)
  A gnoll shaman (D:7)
  10 orc priests
  Crazy Yiuf (D:7)
  Ijyb (D:5)
  9 iguanas
  12 orc wizards
  Robin (D:3)
  7 gnolls
  5 adders
  A river rat (D:5)
  7 worms
  5 dart slugs
  65 orcs
  7 endoplasms
  2 giant cockroaches
  12 goblins
  12 hobgoblins
  13 kobolds
  5 quokkas
  6 ball pythons
  7 bats
  6 frilled lizards
  5 rats
  A spectral kobold (D:1)
  A bush (Lair:2)
786 creatures vanquished.

Vanquished Creatures (collateral kills)
  A dire elephant (Lair:6)
  2 two-headed ogres
  A pharaoh ant (Spider:1)
  2 fauns
  2 elephants
  A polar bear (Lair:1)
  A tarantella (Spider:1)
  2 jumping spiders (Spider:1)
  2 redbacks (Spider:1)
  3 ogres (Orc:2)
  2 orc wizards (Orc:1)
  7 orcs
26 creatures vanquished.

Vanquished Creatures (others)
  35 dancing weapons
  An electric eel (Lair:6)
  2 iguanas (Lair:6)
  45 foxfires
  19 fulminant prisms
  20 fungi
  156 plants
278 creatures vanquished.

Grand Total: 1090 creatures vanquished

Notes
Turn   | Place    | Note
-------+----------+-------------------------------------------
     0 | D:5      | croobank the Gnoll Delver began the quest for the Orb.
     0 | D:5      | Reached XP level 1. HP: 23/23 MP: 1/1
    19 | D:5      | Noticed a scorpion
    81 | D:5      | Reached XP level 2. HP: 16/29 MP: 2/2
   310 | D:5      | Found a glowing drain.
   315 | Sewer    | Entered a sewer
   359 | Sewer    | Noticed a kobold brigand
   400 | Sewer    | HP: 1/29 [kobold brigand/+0 whip (6)]
   401 | Sewer    | Killed a kobold brigand
   402 | Sewer    | Reached skill level 1 in Short Blades
   402 | Sewer    | Reached skill level 1 in Long Blades
   402 | Sewer    | Reached skill level 1 in Maces & Flails
   402 | Sewer    | Reached skill level 1 in Polearms
   402 | Sewer    | Reached skill level 1 in Staves
   402 | Sewer    | Reached skill level 1 in Slings
   402 | Sewer    | Reached skill level 1 in Bows
   402 | Sewer    | Reached skill level 1 in Crossbows
   402 | Sewer    | Reached skill level 1 in Throwing
   402 | Sewer    | Reached skill level 1 in Armour
   402 | Sewer    | Reached skill level 1 in Shields
   402 | Sewer    | Reached skill level 1 in Unarmed Combat
   402 | Sewer    | Reached skill level 1 in Spellcasting
   402 | Sewer    | Reached skill level 1 in Invocations
   402 | Sewer    | Reached skill level 1 in Evocations
   402 | Sewer    | Reached XP level 3. HP: 1/35 MP: 2/4
   402 | Sewer    | Reached XP level 4. HP: 1/41 MP: 2/5
   724 | Sewer    | Reached skill level 1 in Conjurations
   724 | Sewer    | Reached skill level 1 in Hexes
   724 | Sewer    | Reached skill level 1 in Summonings
   724 | Sewer    | Reached skill level 1 in Necromancy
   724 | Sewer    | Reached skill level 1 in Translocations
   724 | Sewer    | Reached skill level 1 in Transmutations
   724 | Sewer    | Reached skill level 1 in Fire Magic
   724 | Sewer    | Reached skill level 1 in Ice Magic
   724 | Sewer    | Reached skill level 1 in Air Magic
   724 | Sewer    | Reached skill level 1 in Earth Magic
   724 | Sewer    | Reached skill level 1 in Poison Magic
   899 | Sewer    | Noticed a kobold brigand
   899 | Sewer    | Noticed a kobold brigand
   922 | Sewer    | Killed a kobold brigand
   923 | Sewer    | Reached XP level 5. HP: 16/47 MP: 5/7
  1304 | Sewer    | Noticed a kobold brigand
  1304 | Sewer    | Noticed a kobold brigand
  1678 | D:5      | Learned a level 2 spell: Poisonous Vapours
  2116 | D:4      | Found a sacrificial altar of Ru.
  2161 | D:3      | Found a stormy altar of Qazlal.
  2850 | D:1      | Learned a level 4 spell: Olgreb's Toxic Radiance
  3079 | D:1      | Found Vouxag's One-of-a-Kind Rings.
  3246 | D:1      | Found a faded altar of an unknown god.
  3934 | D:2      | Reached XP level 6. HP: 51/53 MP: 8/8
  4061 | D:2      | Gained mutation: You are frail. (-10% HP) [potion of
                  | mutation]
  4061 | D:2      | Gained mutation: Your body sometimes deteriorates upon
                  | taking damage. [potion of mutation]
  4061 | D:2      | Gained mutation: Your muscles are strong. (Str +4,
                  | Int/Dex-1) [potion of mutation]
  5149 | D:3      | Found a radiant altar of Vehumet.
  5149 | D:3      | Found the +3 woodcutter's axe {vorpal}
  5194 | D:3      | Noticed Robin
  5197 | D:3      | Reached skill level 5 in Axes
  5197 | D:3      | Reached skill level 5 in Dodging
  5207 | D:3      | Killed Robin
  5208 | D:3      | Reached skill level 2 in Throwing
  6265 | D:4      | Noticed Pikel
  6403 | D:4      | Killed Pikel
  6404 | D:4      | Reached skill level 10 in Stealth
  6404 | D:4      | Reached XP level 7. HP: 21/54 MP: 9/11
  6404 | D:4      | Reached XP level 8. HP: 23/60 MP: 9/12
  6974 | D:5      | Noticed Eustachio
  6978 | D:5      | Killed Eustachio
  6979 | D:5      | Reached skill level 3 in Throwing
  7302 | D:5      | Found a staircase to the Ecumenical Temple.
  7315 | Temple   | Entered the Ecumenical Temple
  7355 | Temple   | Became a worshipper of Gozag Ym Sagoz the Greedy
  7630 | D:5      | Noticed Ijyb
  7633 | D:5      | Killed Ijyb
  8130 | D:6      | Noticed a yak
  8130 | D:6      | Noticed a yak
  8130 | D:6      | Noticed a yak
  8130 | D:6      | Noticed a yak
  8130 | D:6      | Noticed a yak
  8130 | D:6      | Noticed a yak
  8135 | D:6      | Found a blossoming altar of Fedhas.
  8145 | D:6      | Killed a yak
  8204 | D:6      | Reached XP level 9. HP: 32/65 MP: 14/14
  8475 | D:7      | Lost mutation: You are frail. (-10% HP) [potion of
                  | mutation]
  8475 | D:7      | Lost mutation: Your muscles are strong. (Str +4, Int/Dex-1)
                  | [potion of mutation]
  8475 | D:7      | Lost mutation: Your body sometimes deteriorates upon taking
                  | damage. [potion of mutation]
  8475 | D:7      | Gained mutation: Your mind is acute. (Int +4, Str/Dex-1)
                  | [potion of mutation]
  8475 | D:7      | Gained mutation: You sometimes lose the ability to read
                  | scrolls when taking damage. [potion of mutation]
  8475 | D:7      | Gained mutation: Your system is resistant to poisons.
                  | (rPois) [potion of mutation]
  8833 | D:6      | Reached skill level 4 in Throwing
  8975 | D:6      | Reached skill level 5 in Invocations
  9150 | D:6      | You fall into a shaft and drop 1 floor!
  9312 | D:7      | Found Jeohoalem's Distillery.
  9315 | D:7      | Found Kishefots's Magic Scroll Shoppe.
  9388 | D:7      | Bought a scroll of identify for 22 gold pieces
  9388 | D:7      | Bought a scroll of identify for 22 gold pieces
  9388 | D:7      | Bought a scroll of identify for 22 gold pieces
  9388 | D:7      | Bought a scroll of identify for 22 gold pieces
  9388 | D:7      | Bought a scroll of poison for 38 gold pieces
  9388 | D:7      | Bought a scroll of enchant weapon for 82 gold pieces
  9569 | D:7      | Found a broken altar of Ashenzari.
  9573 | D:7      | Saw a vision of the Shoals and the Spider Nest.
  9573 | D:7      | Noticed a hornet
  9573 | D:7      | Noticed a wolf spider
  9573 | D:7      | Noticed a wind drake
  9573 | D:7      | Noticed a wolf spider
  9573 | D:7      | Noticed a wind drake
  9573 | D:7      | Noticed a merfolk siren
  9573 | D:7      | Noticed a wolf spider
  9573 | D:7      | Noticed a merfolk
  9573 | D:7      | Noticed a merfolk
  9573 | D:7      | Noticed a wolf spider
  9573 | D:7      | Noticed a wind drake
  9573 | D:7      | Noticed a merfolk
  9573 | D:7      | Noticed a merfolk siren
  9573 | D:7      | Noticed a merfolk
  9573 | D:7      | Noticed a merfolk
  9573 | D:7      | Noticed a wolf spider
  9573 | D:7      | Noticed a sea snake
  9575 | D:7      | Noticed a wolf spider
  9625 | D:7      | Noticed Duvessa
  9625 | D:7      | Noticed Dowan
  9630 | D:7      | Killed Dowan
  9639 | D:7      | Killed Duvessa
  9873 | D:7      | Found a runed translucent door.
  9874 | D:7      | Noticed Crazy Yiuf
  9886 | D:7      | Killed Crazy Yiuf
 10090 | D:7      | Bought a potion of might for 52 gold pieces
 10090 | D:7      | Bought a potion of mutation for 104 gold pieces
 10091 | D:7      | Lost mutation: Your mind is acute. (Int +4, Str/Dex-1)
                  | [potion of mutation]
 10091 | D:7      | Lost mutation: You sometimes lose the ability to read
                  | scrolls when taking damage. [potion of mutation]
 10091 | D:7      | Lost mutation: Your system is resistant to poisons. (rPois)
                  | [potion of mutation]
 10091 | D:7      | Gained mutation: Your spells are a little easier to cast,
                  | but a little less powerful. [potion of mutation]
 10091 | D:7      | Gained mutation: Your system is resistant to poisons.
                  | (rPois) [potion of mutation]
 10091 | D:7      | Gained mutation: You are partially covered in large bone
                  | plates. (SH +4) [potion of mutation]
 10371 | D:8      | Reached XP level 10. HP: 63/80 MP: 17/17
 10527 | D:8      | Found a basalt altar of Yredelemnul.
 10826 | D:8      | Noticed a two-headed ogre
 10953 | D:8      | Learned a level 3 spell: Tukima's Dance
 10959 | D:8      | Learned a level 5 spell: Blade Hands
 10964 | D:8      | Learned a level 4 spell: Fulminant Prism
 11088 | D:8      | Reached skill level 5 in Short Blades
 11088 | D:8      | Reached skill level 5 in Long Blades
 11088 | D:8      | Reached skill level 5 in Maces & Flails
 11088 | D:8      | Reached skill level 5 in Polearms
 11088 | D:8      | Reached skill level 5 in Staves
 11088 | D:8      | Reached skill level 5 in Slings
 11088 | D:8      | Reached skill level 5 in Bows
 11088 | D:8      | Reached skill level 5 in Crossbows
 11088 | D:8      | Reached skill level 5 in Throwing
 11088 | D:8      | Reached skill level 5 in Armour
 11088 | D:8      | Reached skill level 5 in Shields
 11088 | D:8      | Reached skill level 5 in Unarmed Combat
 11088 | D:8      | Reached skill level 5 in Spellcasting
 11088 | D:8      | Reached skill level 5 in Evocations
 11207 | D:8      | Noticed a two-headed ogre
 11692 | D:9      | Noticed a two-headed ogre
 11699 | D:9      | Killed a two-headed ogre
 12046 | D:9      | Noticed Psyche
 12052 | D:9      | Killed Psyche
 12112 | D:9      | Found a shimmering altar of Xom.
 12119 | D:9      | Found a shimmering altar of Xom.
 12120 | D:9      | Found a shimmering altar of Xom.
 12120 | D:9      | Found a shimmering altar of Xom.
 12181 | D:9      | Reached XP level 11. HP: 80/87 MP: 19/19
 13020 | D:8      | Noticed a cyclops
 13020 | D:8      | Noticed a cyclops
 13031 | D:8      | Learned a level 1 spell: Slow
 13293 | D:8      | Reached skill level 6 in Throwing
 13302 | D:8      | Reached skill level 5 in Conjurations
 13302 | D:8      | Reached skill level 5 in Hexes
 13302 | D:8      | Reached skill level 5 in Summonings
 13302 | D:8      | Reached skill level 5 in Necromancy
 13302 | D:8      | Reached skill level 5 in Translocations
 13302 | D:8      | Reached skill level 5 in Transmutations
 13302 | D:8      | Reached skill level 5 in Fire Magic
 13302 | D:8      | Reached skill level 5 in Ice Magic
 13302 | D:8      | Reached skill level 5 in Air Magic
 13302 | D:8      | Reached skill level 5 in Earth Magic
 13302 | D:8      | Reached skill level 5 in Poison Magic
 13604 | D:8      | Killed a cyclops
 13659 | D:8      | Noticed a centaur warrior
 13670 | D:8      | Killed a centaur warrior
 13827 | D:8      | Killed a cyclops
 14066 | D:8      | Killed a two-headed ogre
 14682 | D:10     | Entered Level 10 of the Dungeon
 14715 | D:10     | Found a staircase to the Orcish Mines.
 14757 | D:10     | Noticed Harold
 14789 | D:10     | Killed Harold
 15238 | D:10     | Found a glowing silver altar of Zin.
 15512 | D:10     | Found a shimmering blue altar of Sif Muna.
 16218 | D:11     | Found a staircase to the Lair.
 16479 | D:11     | Reached skill level 7 in Throwing
 16568 | D:11     | Reached XP level 12. HP: 52/96 MP: 22/22
 16577 | D:11     | Noticed a boulder beetle
 16745 | D:11     | Found Diul's Antique Armour Boutique.
 16797 | D:11     | Gained mutation: You tend to lose your temper in combat.
                  | [mutagenic glow]
 17057 | D:11     | Killed a boulder beetle
 17768 | D:11     | Noticed a two-headed ogre
 17797 | D:11     | Killed a two-headed ogre
 18124 | D:11     | Noticed a two-headed ogre
 18134 | D:11     | Killed a two-headed ogre
 18606 | D:12     | Noticed a two-headed ogre
 18701 | Orc:1    | Entered Level 1 of the Orcish Mines
 18886 | Orc:1    | Reached skill level 8 in Throwing
 18971 | Orc:1    | Found Hewkak's Weapon Shop.
 19102 | Orc:2    | Entered Level 2 of the Orcish Mines
 19157 | Orc:2    | Noticed a two-headed ogre
 19159 | Orc:2    | Noticed a two-headed ogre
 19160 | Orc:2    | Noticed a two-headed ogre
 19161 | Orc:2    | Noticed an ogre mage
 19161 | Orc:2    | Noticed an ogre mage
 19161 | Orc:2    | Noticed an ogre mage
 19168 | Orc:2    | Noticed an ogre mage
 19178 | Orc:1    | Killed a two-headed ogre
 19179 | Orc:1    | Reached skill level 10 in Fighting
 19312 | Orc:2    | Found a staircase to the Elven Halls.
 19376 | Orc:2    | Noticed a two-headed ogre
 19382 | Orc:2    | Noticed a two-headed ogre
 19392 | Orc:1    | Killed a two-headed ogre
 19568 | Orc:2    | Noticed a two-headed ogre
 19568 | Orc:2    | Noticed a two-headed ogre
 19860 | Orc:2    | Killed a two-headed ogre
 19868 | Orc:2    | Paralysed by an ogre mage for 2 turns
 19874 | Orc:2    | Paralysed by an ogre mage for 5 turns
 19986 | Orc:2    | Noticed a two-headed ogre
 19994 | Orc:2    | Noticed a two-headed ogre
 19995 | Orc:2    | Noticed a two-headed ogre
 20677 | Lair:1   | Entered Level 1 of the Lair of Beasts
 20863 | Lair:1   | Noticed Gastronok
 20922 | Lair:1   | Killed Gastronok
 21322 | Lair:1   | Noticed a four-headed hydra
 21353 | Lair:2   | Reached XP level 13. HP: 28/103 MP: 24/24
 21542 | Lair:2   | Reached skill level 9 in Throwing
 22129 | Lair:2   | Learned a level 3 spell: Stone Arrow
 22151 | Lair:2   | Noticed Nergalle
 22160 | Lair:2   | Killed Nergalle
 23410 | Lair:2   | Noticed Urug
 23425 | Lair:2   | Killed Urug
 24573 | Lair:3   | Found a staircase to the Shoals.
 24788 | Lair:4   | Reached skill level 10 in Throwing
 25309 | Lair:4   | Found a hole to the Spider Nest.
 25959 | Lair:4   | Learned a level 6 spell: Iron Shot
 26373 | Lair:5   | Found a staircase to the Slime Pits.
 26373 | Lair:5   | Found a viscous altar of Jiyva.
 27145 | Lair:5   | Reached skill level 10 in Axes
 27145 | Lair:5   | Reached skill level 10 in Dodging
 27290 | Lair:5   | Reached XP level 14. HP: 110/113 MP: 26/26
 27390 | Lair:6   | Entered Level 6 of the Lair of Beasts
 29829 | Lair:6   | Reached skill level 11 in Throwing
 30027 | Lair:6   | Reached skill level 10 in Invocations
 32465 | Lair:6   | Identified the amulet of Vaurowk {Reflect Int+6 SH+5}
 32467 | Lair:6   | Identified the +3 leather armour "Nadaom" {+Inv rElec
                  | Dex-3}
 32931 | Lair:6   | Noticed a dire elephant
 32950 | Lair:6   | Killed a dire elephant
 34065 | Lair:1   | Bought a scroll of summoning for 161 gold pieces
 34076 | Lair:1   | Reached XP level 15. HP: 117/120 MP: 28/28
 34080 | Lair:1   | Learned a level 3 spell: Frozen Ramparts
 34179 | Lair:1   | Reached skill level 12 in Throwing
 34784 | Lair:1   | Noticed Sonja
 34784 | Lair:1   | Noticed Amaemon
 34804 | Lair:1   | Killed Amaemon
 34813 | Lair:1   | Killed Sonja
 35437 | D:1      | Bought the ring of Coronation {rF+ rC+ Int-5 SInv} for 392
                  | gold pieces
 35437 | D:1      | Bought the ring "Saitzo Xyups" {rC+ Will+} for 468 gold
                  | pieces
 35830 | D:12     | Learned a level 1 spell: Foxfire
 36136 | D:12     | Found a runed translucent door.
 36239 | D:13     | Reached skill level 10 in Short Blades
 36239 | D:13     | Reached skill level 10 in Long Blades
 36239 | D:13     | Reached skill level 10 in Maces & Flails
 36239 | D:13     | Reached skill level 10 in Polearms
 36239 | D:13     | Reached skill level 10 in Staves
 36239 | D:13     | Reached skill level 10 in Slings
 36239 | D:13     | Reached skill level 10 in Bows
 36239 | D:13     | Reached skill level 10 in Crossbows
 36239 | D:13     | Reached skill level 10 in Armour
 36239 | D:13     | Reached skill level 10 in Shields
 36239 | D:13     | Reached skill level 10 in Unarmed Combat
 36239 | D:13     | Reached skill level 10 in Spellcasting
 36239 | D:13     | Reached skill level 10 in Evocations
 36592 | D:13     | Found a transporter.
 36600 | D:13     | Found a one-way gate to the infinite horrors of the Abyss.
 36600 | D:13     | Noticed Roczioh's ghost (journeyman DsEn)
 36659 | D:13     | Found a transporter.
 36808 | D:13     | Found a gate to the Vaults.
 37375 | D:12     | Noticed Josephine
 38576 | Orc:2    | Paralysed by an ogre mage for 3 turns
 40661 | Orc:2    | Found Vumunoe's Distillery.
 40662 | Orc:2    | Found Dufinugu's Antique Weapon Boutique.
 40662 | Orc:2    | Found Nutobewn's Antique Weapon Emporium.
 40662 | Orc:2    | Found Feovufima's Jewellery Shop.
 40718 | Orc:2    | Bought a potion of might for 52 gold pieces
 40718 | Orc:2    | Bought a potion of heal wounds for 65 gold pieces
 40718 | Orc:2    | Bought a potion of invisibility for 104 gold pieces
 40725 | Orc:2    | Found Epnapryikk's Magic Scroll Emporium.
 40774 | Orc:2    | Bought a scroll of summoning for 142 gold pieces
 41740 | Spider:1 | Entered Level 1 of the Spider Nest
 41754 | Lair:4   | Reached skill level 13 in Throwing
 42005 | Spider:1 | You fall into a shaft and drop 1 floor!
 42932 | Spider:1 | Reached XP level 16. HP: 118/128 MP: 30/30
 44416 | Spider:2 | Noticed Frances
 45256 | Spider:2 | Noticed Nikola
 45474 | Elf:1    | Entered Level 1 of the Elven Halls
 45474 | Elf:1    | Found a runed translucent gate.
 45474 | Elf:1    | Found a runed translucent gate.
 45474 | Elf:1    | Found a runed translucent gate.
 45474 | Elf:1    | Found a runed translucent gate.
 45474 | Elf:1    | Found a runed translucent gate.
 45474 | Elf:1    | Found a runed translucent gate.
 45475 | Elf:1    | Lost mutation: Your spells are a little easier to cast, but
                  | a little less powerful. [potion of mutation]
 45475 | Elf:1    | Lost mutation: You tend to lose your temper in combat.
                  | [potion of mutation]
 45475 | Elf:1    | Lost mutation: You are partially covered in large bone
                  | plates. (SH +4) [potion of mutation]
 45475 | Elf:1    | Gained mutation: You are partially covered in iridescent
                  | scales. (AC +2) [potion of mutation]
 45475 | Elf:1    | Gained mutation: You have hidden genetic defects. [potion
                  | of mutation]
 45475 | Elf:1    | Gained mutation: You are resistant to electric shocks.
                  | (rElec) [potion of mutation]
 45476 | Elf:1    | Found a runed translucent door.
 45542 | Elf:1    | Learned a level 4 spell: Flame Wave
 45561 | Elf:1    | Found a runed translucent door.
 45836 | Shoals:1 | Entered Level 1 of the Shoals
 46332 | Shoals:1 | Identified the +4 chain mail "Onloc" {rC+}
 47237 | Shoals:1 | Found Baresik's Antique Weapon Shoppe.
 47291 | Shoals:1 | Gained mutation: You are clumsy. (Dex -2) [hidden defects]
 48028 | Shoals:2 | Reached skill level 14 in Throwing
 48508 | Shoals:2 | HP: 5/129 [faun/sling bullet (2)]
 49057 | D:12     | Killed Josephine
 49436 | D:14     | Gained mutation: You have terrible hidden genetic defects.
                  | [hidden defects]
 49436 | D:14     | Lost mutation: You have terrible hidden genetic defects.
                  | [hidden defects expressed]
 50440 | D:14     | Found a runed translucent gate.
 50441 | D:14     | Found a runed translucent gate.
 50441 | D:14     | Noticed an acid blob
 50442 | D:14     | Found a runed translucent gate.
 50443 | D:14     | Noticed Dordric's ghost (adept HOFi)
 50445 | D:14     | Found a viscous altar of Jiyva.
 50963 | D:15     | Entered Level 15 of the Dungeon
 50992 | D:15     | Reached XP level 17. HP: 60/136 MP: 7/32
 51002 | D:15     | Gained mutation: You are weak. (Str -2) [hidden defects]
 51510 | Orc:1    | Bought a +1 battleaxe of holy wrath for 243 gold pieces
 51929 | Orc:2    | Bought a potion of mutation for 104 gold pieces
 51929 | Orc:2    | Lost mutation: You are partially covered in iridescent
                  | scales. (AC +2) [potion of mutation]
 51929 | Orc:2    | Lost mutation: You are resistant to electric shocks.
                  | (rElec) [potion of mutation]
 51929 | Orc:2    | Gained mutation: Your spells are a little easier to cast,
                  | but a little less powerful. [potion of mutation]
 51929 | Orc:2    | Gained mutation: You expend magic power (3 MP) to
                  | strengthen your wands. [potion of mutation]
 51929 | Orc:2    | Lost mutation: You are clumsy. (Dex -2) [potion of
                  | mutation]
 51934 | Orc:2    | Bought 2 potions of invisibility for 224 gold pieces
 52001 | Elf:1    | Found Muvyz's Book Shoppe.
 52006 | Elf:1    | Bought a book of Alchemy for 364 gold pieces
 52081 | Elf:1    | Noticed Azrael
 52104 | Elf:1    | Killed Azrael
 53982 | Elf:1    | Noticed an Executioner
 54005 | Elf:1    | Noticed an Ice Fiend
 54017 | Elf:1    | Noticed an Executioner
 54026 | Elf:1    | HP: 5/137 [???[a deep elf high priest] (2)]
 54726 | Shoals:2 | Gained mutation: You are dopey. (Int -2) [hidden defects]
 54726 | Shoals:2 | Lost mutation: You have hidden genetic defects. [hidden
                  | defects expressed]
 56217 | Shoals:3 | Noticed Polyphemus
 57473 | Shoals:3 | Killed Polyphemus
 57474 | Shoals:3 | Reached skill level 15 in Throwing
 57621 | Shoals:3 | Reached skill level 10 in Conjurations
 57621 | Shoals:3 | Reached skill level 10 in Hexes
 57621 | Shoals:3 | Reached skill level 10 in Summonings
 57621 | Shoals:3 | Reached skill level 10 in Necromancy
 57621 | Shoals:3 | Reached skill level 10 in Translocations
 57621 | Shoals:3 | Reached skill level 10 in Transmutations
 57621 | Shoals:3 | Reached skill level 10 in Fire Magic
 57621 | Shoals:3 | Reached skill level 10 in Ice Magic
 57621 | Shoals:3 | Reached skill level 10 in Air Magic
 57621 | Shoals:3 | Reached skill level 10 in Earth Magic
 57621 | Shoals:3 | Reached skill level 10 in Poison Magic
 57640 | Shoals:3 | HP: 4/137 [merfolk javelineer/silver javelin (4)]
 57647 | Shoals:3 | Hit by a boomerang thrown by a merfolk

Illustrated notes

Levels and vault maps discovered:
D:1:      dpeg_arrival_brainrot, layout_loops_ring,
          dreamdust_ecumenical_altar_drowned_temple, nicolae_shop_unique_rings
D:2:      layout_loops_cross, minmay_3d_cube
D:3:      layout_basic, lemuel_round_altar, mainiacjoe_overflow_alcove_2,
          uniq_robin
D:4:      layout_loops_ring, mainiacjoe_overflow_cross_hatched,
          kennysheep_cross_room, corexii_item_surrounded_by_moat,
          wad_floor_pattern_1, uniq_pikel
D:5:      layout_basic, minmay_temple_entry_purple_smoke,
          lightli_sewer_entry_pipes, uniq_ijyb, uniq_eustachio
D:6:      layout_layer_cave, tso_metal_star, mainiacjoe_overflow_boulevard,
          lemuel_tele_altar
D:7:      layout_loops_ring, grunt_ashenzari_visionary
          [grunt_ashenzari_visionary_shoals, grunt_ashenzari_visionary_spider],
          nicolae_wooded_promenade, uniq_crazy_yiuf_cottage, uniq_duvessa
D:8:      nzn_winding_woodlands_three_and_one [nzn_winding_woodlands_5x15_eye,
          nzn_winding_woodlands_5x15_sidewinder,
          nzn_winding_woodlands_5x15_concentric,
          nzn_winding_woodlands_center_pierced_h], layout_loops_ring,
          mainiacjoe_overflow_tiny_flanked, special_room [special_room_orc]
D:9:      layout_basic, xom_shifter_show, dk_noncrumbling_3, uniq_psyche
D:10:     layout_basic, kennysheep_little_box, mainiacjoe_overflow_brackets,
          orc_0_dummy, uniq_harold
D:11:     layout_small_grid, erik_lair_island, serial_bayou,
          serial_bayou_pond_c, serial_bayou_lagoon_b, serial_bayou_pond_b,
          serial_bayou_lagoon_a, serial_shops, nicolae_stop_n_shop_2
D:12:     layout_cave_pools, minmay_crystal_box, uniq_josephine
D:13:     layout_loops_ring, david_vaults_5, gammafunk_ghost_abyssal_escape
D:14:     layout_gridville, gammafunk_ghost_ooze, hangedman_decor_push
D:15:     hangedman_depths_entry_try_elsewhere_first, layout_basic, special_room
          [special_room_orc], patterned_corridor, st_stairs_12,
          minmay_more_statues
Temple:   minmay_temple_curvy_loop
Lair:1:   layout_cave_pods, nicolae_lair_lakeside_cave, uniq_sonja,
          uniq_amaemon, uniq_gastronok
Lair:2:   layout_cave_pods, minmay_lair_oklob_bushes, uniq_nergalle, uniq_urug
Lair:3:   layout_small_grid, minmay_shoals_entry_lonely_mermaid,
          grunt_megastairs_3
Lair:4:   layout_roguey, spider_nest_entry_a, grunt_megastairs_2
Lair:5:   layout_big_grid, slime_altar_1, chequers_serial_rivers_micro_d,
          grunt_forest_small_clearing_treed, grunt_megastairs_4,
          lemuel_fruit_tree
Lair:6:   hangedman_lair_in_review, layout_cave_shapes,
          guppyfry_lair_end_dragon, grunt_forest_small_clearings,
          nicolae_lair_yak_garden, infiniplex_staircase_pool
Shoals:1: layout_shoals, serial_shops, nicolae_shop_trees, nicolae_splish_splash
Shoals:2: layout_shoals, nicolae_shoals_wave_tunnel
Shoals:3: layout_shoals, uniq_polyphemus
Spider:1: layout_spider_delve
Spider:2: layout_chambers, uniq_nikola, uniq_frances
Orc:1:    layout_diamond_mine, serial_shops, nicolae_shop_bloodbath_and_beyond
Orc:2:    st_orc_ogre_mass, layout_caves, nicolae_volcano_entry_batcave,
          serial_shops, nicolae_diamond_shop
Elf:1:    nicolae_elf_arrival_dilemma, layout_geoelf_grid, serial_shops,
          shop_fountains, hangedman_elf_represent, uniq_azrael

Skill      XL: |  1  2  3  4  5  6  7  8  9 10 11 12 13 14 15 16 17 |
---------------+----------------------------------------------------+-----
Stealth        | 10 11 12 13 14 | 14.9
Short Blades   | 1 2 3 4 5 6 7 8 9 10 11 | 11.8
Long Blades    | 1 2 3 4 5 6 7 8 9 10 11 | 11.8
Maces & Flails | 1 2 3 4 5 6 7 8 9 10 11 | 11.8
Polearms       | 1 2 3 4 5 6 7 8 9 10 11 | 11.8
Staves         | 1 2 3 4 5 6 7 8 9 10 11 | 11.8
Slings         | 1 2 3 4 5 6 7 8 9 10 11 | 11.8
Bows           | 1 2 3 4 5 6 7 8 9 10 11 | 11.8
Crossbows      | 1 2 3 4 5 6 7 8 9 10 11 | 11.8
Throwing       | 1 2 3 4 5 7 8 10 11 13 14 15 | 15.0
Armour         | 1 2 3 4 5 6 7 8 9 10 11 | 11.8
Shields        | 1 2 3 4 5 6 7 8 9 10 11 | 11.8
Unarmed Combat | 1 2 3 4 5 6 7 8 9 10 11 | 11.8
Spellcasting   | 1 2 3 4 5 6 7 8 9 10 11 | 11.8
Invocations    | 1 3 4 5 6 7 8 9 10 11 12 | 12.8
Evocations     | 1 2 3 4 5 6 7 8 9 10 11 | 11.8
Conjurations   | 1 2 3 4 5 6 7 8 9 10 | 10.0
Hexes          | 1 2 3 4 5 6 7 8 9 10 | 10.0
Summonings     | 1 2 3 4 5 6 7 8 9 10 | 10.0
Necromancy     | 1 2 3 4 5 6 7 8 9 10 | 10.0
Translocations | 1 2 3 4 5 6 7 8 9 10 | 10.0
Transmutations | 1 2 3 4 5 6 7 8 9 10 | 10.0
Fire Magic     | 1 2 3 4 5 6 7 8 9 10 | 10.0
Ice Magic      | 1 2 3 4 5 6 7 8 9 10 | 10.0
Air Magic      | 1 2 3 4 5 6 7 8 9 10 | 10.0
Earth Magic    | 1 2 3 4 5 6 7 8 9 10 | 10.0
Poison Magic   | 1 2 3 4 5 6 7 8 9 10 | 10.0
Axes           | 5 6 7 8 9 10 11 12 | 12.6
Dodging        | 5 6 7 8 9 10 11 12 | 12.6
Fighting       | 7 8 9 10 11 12 13 | 13.3

Action                   |  1- 3 |  4- 6 |  7- 9 | 10-12 | 13-15 | 16-18 || total
-------------------------+-------+-------+-------+-------+-------+-------++-------
Melee: Hand axe          |    51 |    43 |       |       |       |       ||    94
       Bite              |     5 |    32 |    16 |    67 |   179 |    81 ||   380
       Punch             |     1 |     3 |       |       |    66 |    56 ||   126
       Dagger            |       |   113 |     3 |     4 |    97 |    18 ||   235
       Short sword       |       |    64 |       |       |       |       ||    64
       Battleaxe         |       |    74 |   180 |   510 |   230 |     8 ||  1002
       Whip              |       |    40 |       |       |       |       ||    40
       Spear             |       |    22 |       |       |       |       ||    22
       Unarmed           |       |       |       |     5 |       |       ||     5
       Broad axe         |       |       |       |       |   646 |   340 ||   986
       Demon trident     |       |       |       |       |   150 |   148 ||   298
       Staff             |       |       |       |       |     6 |       ||     6
       Long sword        |       |       |       |       |       |     7 ||     7
 Fire: Shortbow          |       |       |       |    12 |       |     6 ||    18
Throw: Stone             |       |       |       |     2 |       |       ||     2
       Dart              |       |       |       |       |       |     2 ||     2
       Throwing net      |       |       |       |       |       |     2 ||     2
 Cast: Poisonous Vapours |       |     5 |       |    75 |   135 |    92 ||   307
       Tukima's Dance    |       |       |       |    76 |    79 |    54 ||   209
       Olgreb's Toxic Ra |       |       |       |    22 |    16 |    21 ||    59
       Slow              |       |       |       |     9 |     3 |     8 ||    20
       Fulminant Prism   |       |       |       |     9 |     9 |     1 ||    19
       Blade Hands       |       |       |       |     2 |       |       ||     2
       Stone Arrow       |       |       |       |       |     6 |    46 ||    52
       Foxfire           |       |       |       |       |     1 |    25 ||    26
       Iron Shot         |       |       |       |       |       |     3 ||     3
       Flame Wave        |       |       |       |       |       |     4 ||     4
       Frozen Ramparts   |       |       |       |       |       |     3 ||     3
Invok: Potion Petition   |       |       |       |     3 |     2 |     8 ||    13
       Call Merchant     |       |       |       |       |     1 |     1 ||     2
 Abil: Evoke Invisibilit |       |       |       |       |     1 |     2 ||     3
Evoke: Wand              |       |     4 |    12 |    19 |    18 |     5 ||    58
       Lightning rod     |       |       |       |       |     4 |       ||     4
  Use: Scroll            |     2 |    10 |     3 |     8 |    21 |    10 ||    54
       Potion            |     3 |     6 |     4 |     5 |     9 |    19 ||    46
 Stab: Sleeping          |     2 |    19 |    10 |     5 |    33 |    13 ||    82
       Distracted        |       |       |     2 |     4 |     7 |     9 ||    22
       Petrified         |       |       |       |       |    15 |       ||    15
       Paralysed         |       |       |       |       |     9 |     5 ||    14
       Invisible         |       |       |       |       |     8 |       ||     8
       Petrifying        |       |       |       |       |     1 |       ||     1
Armor: Leather armour    |     9 |    76 |    38 |   181 |   479 |   292 ||  1075
       Skin              |       |       |       |     1 |       |       ||     1
Dodge: Dodged            |    16 |   187 |   109 |   382 |   848 |   370 ||  1912
Block: Other             |       |       |    12 |    92 |   203 |    50 ||   357
       Reflection        |       |       |       |       |       |     3 ||     3

Table legend: (Time is in decaauts)
 A = Elapsed time spent in this place.
 B = Non-inter-level travel time spent in this place.
 C = Inter-level travel time spent in this place.
 D = Time resting spent in this place.
 E = Time spent auto-exploring this place.
 F = Levels seen in this place.
 G = Mean time per level.
                   A        B        C        D        E       F      G
               +--------+--------+--------+--------+--------+-----+--------+
         Total |  58090 |  54524 |   3566 |  20369 |  22412 |  31 | 1873.9 |
       Dungeon |  23198 |  21618 |   1580 |   6313 |  10757 |  15 | 1546.5 |
        Temple |     69 |     40 |     29 |      0 |     34 |   1 |   69.0 |
          Lair |  15972 |  14960 |   1012 |   6066 |   5982 |   6 | 2662.0 |
        Shoals |   6088 |   5938 |    150 |   2477 |   2269 |   3 | 2029.3 |
   Spider Nest |   3419 |   3207 |    212 |   1561 |    949 |   2 | 1709.5 |
  Orcish Mines |   5983 |   5436 |    547 |   2124 |   1820 |   2 | 2991.5 |
   Elven Halls |   2286 |   2252 |     34 |   1221 |    449 |   1 | 2286.0 |
         Sewer |   1071 |   1071 |      0 |    603 |    151 |   1 | 1071.0 |
               +--------+--------+--------+--------+--------+-----+--------+

Top non-repeatable levels by time:
  Lair:6: 4577 daAuts
   Orc:1: 3378 daAuts
  Lair:5: 3142 daAuts
Shoals:2: 3135 daAuts
     D:8: 2999 daAuts
    D:11: 2857 daAuts
  Lair:2: 2777 daAuts
Spider:1: 2636 daAuts
   Orc:2: 2604 daAuts
Shoals:1: 2459 daAuts
     D:5: 2348 daAuts
   Elf:1: 2286 daAuts
  Lair:1: 2137 daAuts
    D:10: 1874 daAuts
  Lair:4: 1862 daAuts
